 Dungeon Crawl Stone Soup version 0.30-a0-272-gf98c3da03f (webtiles) character file.

Game seed: 17922784459190398211

1987 vogonpoet the Skirmisher (level 9, 0/39 HPs)
             Began as a Spriggan Enchanter on Oct 15, 2022.
             Was a Follower of Makhleb.
             Killed from afar by a manticore (16 damage)
             ... with a volley of spikes
             ... on level 7 of the Dungeon.
             The game lasted 00:14:36 (5703 turns).

vogonpoet the Skirmisher (Spriggan Enchanter)       Turns: 5703, Time: 00:14:36

Health: 0/39       AC:  5    Str:  4    XL:     9   Next: 1%
Magic:  14/14      EV: 18    Int: 21    God:    Makhleb [*.....]
Gold:   146        SH:  0    Dex: 21    Spells: 8/13 levels left

rFire   . . .      SeeInvis +    j - +5 sling of Parts Unknown {vorpal, Will+}
rCold   . . .      Faith    .    (no shield)
rNeg    + . .      Spirit   .    R - +2 robe {rN+}
rPois   +          Reflect  .    (helmet restricted)
rElec   .          Harm     .    H - +0 cloak {rCorr}
rCorr   +          Rampage  .    (gloves unavailable)
Will    ++...                    (boots unavailable)
Stlth   ++++......               (no amulet)
HPRegen 0.26/turn                i - ring of poison resistance
MPRegen 0.14/turn                l - +6 ring of dexterity

@: spiked, very quick
A: very small, no large weapons, unfitting armour, see invisible, speed 3
a: Renounce Religion


You were on level 7 of the Dungeon.
You worshipped Makhleb.
Makhleb was aware of your devotion.
You visited 2 branches of the dungeon, and saw 8 of its levels.
You also visited: Sewer.

You collected 440 gold pieces.
You spent 294 gold pieces at shops.

Inventory:

Hand Weapons
 a - a +1 dagger
 j - the +5 sling of Parts Unknown (weapon) {vorpal, Will+}
   (You found it on level 2 of the Dungeon)

   Any ammunition fired from it inflicts extra damage upon your enemies.
   Will:      It increases your willpower.
 k - a +0 shortbow
 D - a +0 rapier of venom
Missiles
 r - 2 boomerangs
 M - 4 atropa-tipped darts
 S - 5 curare-tipped darts
Armour
 H - a +0 cloak of preservation (worn)
 R - a +2 robe of positive energy (worn)
Magical Staves
 b - a staff of cold
 A - a staff of earth
Jewellery
 i - a ring of poison resistance (left hand)
 l - a +6 ring of dexterity (right hand)
 u - a ring of ice
 J - a +6 ring of dexterity
Wands
 y - a wand of polymorph (4)
 E - a wand of mindburst (22)
 G - a wand of paralysis (10)
 N - a wand of acid (4)
 O - a wand of flame (14)
Scrolls
 e - 9 scrolls of identify {unknown}
 g - 2 scrolls of enchant weapon {unknown}
 h - 3 scrolls of teleportation {unknown}
 m - 3 scrolls of summoning {unknown}
 n - 3 scrolls of noise {unknown}
 o - a scroll of amnesia {unknown}
 q - 2 scrolls of fog {unknown}
 t - 5 scrolls of magic mapping {unknown}
 x - 3 scrolls of poison {unknown}
 z - a scroll of blinking {unknown}
 B - 2 scrolls of silence {unknown}
 C - a scroll of vulnerability {unknown}
 L - 5 scrolls of immolation {unknown}
Potions
 c - 3 potions of invisibility
 d - 4 potions of mutation {unknown}
 f - 2 potions of heal wounds {unknown}
 p - 2 potions of brilliance {unknown}
 s - a potion of magic {unknown}
 v - 2 potions of cancellation {unknown}
 w - 2 potions of curing {unknown}
 F - a potion of flight {unknown}
 I - 2 potions of attraction {unknown}
 K - 2 potions of haste {unknown}
 P - a potion of lignification {unknown}
 Q - a potion of might {unknown}


   Skills:
 - Level 1.8 Short Blades
 + Level 10.9 Ranged Weapons
 - Level 2.6 Dodging
 + Level 6.4 Stealth
 - Level 2.6 Spellcasting
 + Level 4.7 Hexes


You had 8 spell levels left.
You knew the following spells:

 Your Spells              Type           Power      Damage    Failure   Level
a - Ensorcelled Hibernat  Hex/Ice        24%        N/A       8%          2
b - Confusing Touch       Hex            22%        N/A       6%          3

Your spell library contained the following spells:

 Spells                   Type           Power      Damage    Failure   Level
 Tukima's Dance           Hex            22%        N/A       6%          3
 Dazzling Flash           Conj/Hex       24%        N/A       16%         3
 Blink                    Tloc           4%         N/A       21%         2
 Sublimation of Blood     Necr           2%         N/A       21%         2
 Ozocubu's Armour         Ice            2%         N/A       38%         3
 Manifold Assault         Tloc           2%         N/A       80%         4
 Petrify                  Tmut/Erth      2%         N/A       80%         4
 Metabolic Englaciation   Hex/Ice        6%         N/A       82%         5
 Irradiate                Conj/Tmut      1%         3d12      98%         5
 Simulacrum               Ice/Necr       1%         N/A       100%        6
 Storm Form               Tmut/Air       1%         N/A       100%        7


Dungeon Overview and Level Annotations

Branches:
Dungeon (7/15)             Temple (1/1) D:6           Sewer (visited)

Altars:
Ashenzari
Cheibriados
Dithmenos
Elyvilon
Fedhas
Gozag
Hepliaklqana
Makhleb
Nemelex Xobeh
Okawaru
Qazlal
Sif Muna
Trog
Uskayaw
Vehumet
Wu Jian
Xom
Yredelemnul
The Shining One

Shops:
D:1 [   D:2 (   D:5 [   D:6 [

Annotations:
D:5 2 runed translucent doors


Innate Abilities, Weirdness & Mutations

You are very small and have problems with some larger weapons.
You are too small for most types of armour.
You have supernaturally acute eyesight. (SInv)
You cover ground extremely quickly. (Speed+++)


Message History

There is a stone staircase leading up here.
A necrophage comes into view.
You shoot a sling bullet. The sling bullet hits the necrophage!
The necrophage is heavily damaged.
You shoot a sling bullet. The sling bullet hits the necrophage!
You destroy the necrophage!
Makhleb accepts your kill.
You have reached level 9!
Your experience leads to an increase in your attributes!
Your base attributes are Str 4, Int 19, Dex 15.
Increase (S)trength, (I)ntelligence, or (D)exterity?
You feel clever. x2
You open the door.
There is an open door here.
You open the door.
A manticore comes into view.
You shoot a sling bullet. The sling bullet hits the manticore.
The manticore is lightly wounded.
The manticore flicks its tail.
The volley of spikes hits you!!
The barbed spikes become lodged in your body.
Ouch! That really hurt!
You are too injured to fight recklessly!
You are too injured to fight recklessly!
You are too injured to fight recklessly!
You are too injured to fight recklessly!
Fire: j) +5 sling of Parts Unknown {vorpal, Will+}
Press: ? - help, Q - select action, (/) - cycle Shift-Dir - straight line, f/p - manticore
Aim: a manticore (lightly wounded, 78% to hit)
You shoot a sling bullet. The sling bullet hits the manticore.
The manticore is lightly wounded.
Fire: j) +5 sling of Parts Unknown {vorpal, Will+}
Press: ? - help, Q - select action, (/) - cycle Shift-Dir - straight line, f/p - manticore
Aim: a manticore (lightly wounded, 78% to hit)
You shoot a sling bullet. The sling bullet hits the manticore.
The manticore is moderately wounded.
The manticore flicks its tail.
The volley of spikes hits you!
The barbed spikes become lodged in your body.
You die...

......#.#..# ####
......#...## ...#
.........## ...#
#########.....#
...#
#......##...###
...# #......##...#
...# #......'....#
...##
#######......##.#.#
....#
....H.'@.....##.#.#
..#...#
....###......##.#.#
..###..# .
#########.#.# ..#
#.# #.#.# ..# ...
#.#.# ..<. .## #.#
##### # .


You could see a manticore.

Vanquished Creatures
  Sigmund (D:3)
  Menkaure (D:6)
  A water moccasin (D:5)
  Pargi (Sewer)
  2 black bears (D:6)
  An ice beast (D:6)
  An ogre (D:5)
  A centaur (D:7)
  A bullfrog (D:7)
  3 necrophages (D:7)
  4 wights (D:7)
  A howler monkey (D:5)
  An orc priest (D:6)
  7 hounds
  4 iguanas
  3 orc wizards
  2 adders
  3 shadow imps
  3 worms
  3 dart slugs
  19 orcs
  12 endoplasms
  8 giant cockroaches
  2 goblins
  7 hobgoblins
  6 quokkas
  8 ball pythons
  9 bats
  7 frilled lizards
  11 kobolds
  7 rats
140 creatures vanquished.

Notes
Turn   | Place    | Note
-------+----------+-------------------------------------------
     0 | D:1      | vogonpoet the Spriggan Enchanter began the quest for the
                  | Orb.
     0 | D:1      | Reached XP level 1. HP: 9/9 MP: 5/5
    80 | D:1      | Reached XP level 2. HP: 11/13 MP: 6/6
   106 | D:1      | Learned a level 2 spell: Ensorcelled Hibernation
   278 | D:1      | Reached skill level 5 in Stealth
   341 | D:1      | Found Piewiykk's Antique Armour Emporium.
   559 | D:1      | Reached XP level 3. HP: 16/16 MP: 8/8
   892 | D:2      | Learned a level 3 spell: Confusing Touch
   907 | D:2      | Identified the +5 sling of Parts Unknown {vorpal, Will+}
  1048 | D:2      | Found Erodyu's Antique Weapon Emporium.
  1485 | D:3      | Reached XP level 4. HP: 21/21 MP: 9/9
  1705 | D:3      | Reached skill level 1 in Ranged Weapons
  1808 | D:3      | Reached skill level 2 in Ranged Weapons
  1900 | D:3      | Noticed Sigmund
  1913 | D:3      | Killed Sigmund
  1914 | D:3      | Reached skill level 4 in Ranged Weapons
  1914 | D:3      | Reached XP level 5. HP: 24/24 MP: 10/10
  1914 | D:3      | Reached XP level 6. HP: 28/28 MP: 11/11
  2922 | D:4      | Reached skill level 5 in Ranged Weapons
  2954 | D:4      | Found a bloodstained altar of Trog.
  2954 | D:4      | Found an opulent altar of Gozag.
  3664 | D:5      | Entered Level 5 of the Dungeon
  3849 | D:5      | Reached skill level 6 in Ranged Weapons
  3849 | D:5      | Reached XP level 7. HP: 32/32 MP: 12/12
  3907 | D:5      | Found Nienurav's Antique Armour Boutique.
  3917 | D:5      | Bought a runed cloak for 187 gold pieces
  4146 | D:5      | Reached skill level 7 in Ranged Weapons
  4195 | D:5      | Found a large runed translucent door.
  4196 | D:5      | Found a large runed translucent door.
  4447 | D:6      | Found a staircase to the Ecumenical Temple.
  4462 | Temple   | Entered the Ecumenical Temple
  4505 | Temple   | Became a worshipper of Makhleb the Destroyer
  4543 | D:6      | Reached skill level 8 in Ranged Weapons
  4600 | D:6      | Reached XP level 8. HP: 36/36 MP: 13/13
  4786 | D:6      | Found a glowing drain.
  4797 | Sewer    | Entered a sewer
  4809 | Sewer    | Noticed Pargi
  4818 | Sewer    | Killed Pargi
  4974 | D:6      | Found Jodish's Antique Armour Shop.
  4979 | D:6      | Bought a runed robe for 107 gold pieces
  4995 | D:6      | Noticed Menkaure
  5003 | D:6      | Killed Menkaure
  5004 | D:6      | Reached skill level 9 in Ranged Weapons
  5537 | D:7      | Reached skill level 10 in Ranged Weapons
  5550 | D:7      | Reached * piety under Makhleb
  5679 | D:7      | Reached XP level 9. HP: 39/39 MP: 14/14
  5700 | D:7      | Noticed a manticore
  5703 | D:7      | Killed from afar by a manticore

Illustrated notes

Levels and vault maps discovered:
D:1:      minmay_arrival_arboretum_large, layout_loops_ring, serial_shops,
          shop_statue, minmay_octomino_j4
D:2:      layout_rooms, serial_shops, shop
D:3:      layout_loops_corners, uniq_sigmund
D:4:      layout_loops_ring, gammafunk_temple_overflow_pools,
          serial_co_window_serial, co_window_of_opportunity_a,
          co_window_of_opportunity_a, co_window_of_opportunity_a,
          co_window_paths_a, co_window_corner_a, co_window_corner_a,
          co_window_paths_a, co_window_paths_a, co_window_cross_1,
          co_window_unsneaky_path_e, co_window_broadway_b,
          co_window_unsneaky_path_e, co_window_corner_b, co_window_2corner,
          co_window_corner_cb, glass_columns_a, glass_columns_b,
          glass_columns_a, glass_columns_a, glass_columns_b
D:5:      layout_loops_ring, jmf_multi_god_temple2, serial_shops,
          nicolae_stop_n_shop_1
D:6:      layout_gridville, minmay_temple_entry_tees, gup_sewer_entry_pipe,
          serial_shops, nicolae_shop_crystal, uniq_menkaure
D:7:      layout_basic, chequers_serial_rivers_micro_b
Temple:   nicolae_temple_bog_church

Skill      XL: |  1  2  3  4  5  6  7  8 |
---------------+-------------------------+-----
Hexes          | 4 |  4.7
Stealth        | 5 6 |  6.4
Ranged Weapons | 4 6 8 10 | 10.9
Short Blades   | |  1.8
Dodging        | |  2.6
Spellcasting   | |  2.6

Action                   |  1- 3 |  4- 6 |  7- 9 || total
-------------------------+-------+-------+-------++-------
Melee: Dagger            |   101 |       |       ||   101
       Punch             |     2 |       |       ||     2
       Rapier            |       |       |     2 ||     2
 Fire: Sling             |    29 |   104 |   142 ||   275
 Cast: Ensorcelled Hiber |    13 |       |       ||    13
       Confusing Touch   |       |       |     1 ||     1
 Stab: Sleeping          |    14 |       |       ||    14
Armor: Robe              |     9 |     4 |     2 ||    15
Dodge: Dodged            |    90 |    21 |    27 ||   138

Table legend: (Time is in decaauts)
 A = Elapsed time spent in this place.
 B = Non-inter-level travel time spent in this place.
 C = Inter-level travel time spent in this place.
 D = Time resting spent in this place.
 E = Time spent auto-exploring this place.
 F = Levels seen in this place.
 G = Mean time per level.
                   A        B        C        D        E       F      G
               +--------+--------+--------+--------+--------+-----+--------+
         Total |   3928 |   3798 |    130 |    290 |   2627 |   9 |  436.4 |
       Dungeon |   3774 |   3654 |    120 |    290 |   2534 |   7 |  539.1 |
        Temple |     38 |     28 |     10 |      0 |     11 |   1 |   38.0 |
         Sewer |    115 |    115 |      0 |      0 |     81 |   1 |  115.0 |
               +--------+--------+--------+--------+--------+-----+--------+

Top non-repeatable levels by time:
     D:4: 939 daAuts
     D:1: 632 daAuts
     D:3: 584 daAuts
     D:6: 573 daAuts
     D:5: 444 daAuts
     D:2: 388 daAuts
     D:7: 210 daAuts
   Sewer: 115 daAuts
  Temple: 38 daAuts
